Gandelf, neutral male human Monk ---- ------- |..---..--.-- |.........^.`| -------- |.-----..|..*| |..--..--- |.| -----.-- |....^...-- |.| --- --........-- |.| --.........--- |.| |....---...).| |.| |....----....-- |.| --.....||.....--- |%| --....--.|.....--|.| --.....---.|....|.---- |.....-----....|....-- --- --......|--.....|.....---.-- -M--------......--|........^........-- 1.)@)......).....| |..................| --------....----- ---.--..<.--.......| |.....| -----.-----......| ---..-- --- ----.--- ---- --- Gandelf the Initiate Experience level: 8 Strength: 18/10 Dexterity: 13 Constitution: 13 Intelligence: 11 Wisdom: 10 Charisma: 10 Health: 0(54) Energy: 35(35) Def: 9 Gold: 0 Moves: 7614 Dungeon seed: Yczp2YiuvFEDct-C Game ID: Gandelf_1623592509 Your Inventory: Amulets p - an uncursed amulet of reflection (being worn) Armor e - an uncursed +2 pair of leather gloves (being worn) n - an uncursed +1 robe (being worn) r - an uncursed +0 dwarvish iron helm (being worn) y - an uncursed +0 pair of elven boots (being worn) Comestibles d - 9 uncursed food rations f - 5 uncursed apples g - 5 uncursed oranges h - 3 uncursed fortune cookies F - an uncursed partly eaten food ration I - an uncursed tripe ration R - an uncursed slime mold V - an uncursed lichen corpse Potions x - a potion of holy water Rings z - a cursed ring of hunger Wands c - a wand of slow monster (0:8) l - a wand of digging (0:7) w - a wand of teleportation (0:6) E - a wand of lightning (0:4) H - a wand of create monster (0:13) J - a wand of teleportation (0:4) K - a wand of magic missile (0:8) P - a wand of light (0:13) T - a wand of magic missile (0:0) Tools i - a magic marker (0:90) u - 9 uncursed tallow candles (0:200) A - a +0 pick-axe C - an uncursed lock pick D - an uncursed wax candle (0:400) Q - an uncursed lock pick S - an uncursed blindfold X - an uncursed bugle Gems q - an uncursed jade stone N - an uncursed amethyst stone Y - an uncursed worthless piece of yellowish brown glass Spells and supernatural/magical abilities: Name Level Category Fail Memory h - healing 1 healing 0% 62% n - detect monsters 1 divination 0% 78% W - pray for help -- divine ? -- Your skills at the end: Fighting Skills martial arts [Basic] Weapon Skills Spellcasting Skills healing spells [Basic] Final Attributes: You were piously aligned. You were sleep resistant. You were poison resistant. You saw invisible. You were warned. You were stealthy. You were fast. You had reflection. You are dead. Vanquished creatures: 2 giant mimics 5 small mimics a tiger 2 giant beetles a lynx 4 gnome kings a lizard a housecat a dust vortex a gnome mummy 2 apes a human zombie a rope golem 3 Woodland-elves a fire ant a mountain nymph an orc shaman 2 rock piercers a fog cloud 2 shriekers a violet fungus 11 gnome lords 2 gnomish wizards a black naga hatchling a golden naga hatchling 2 elf zombies 2 straw golems a little dog 2 floating eyes 15 dwarves 2 kobold lords a kobold shaman 5 rothes 2 centipedes 2 giant bats 3 orc zombies 3 dwarf zombies an iguana 5 coyotes a gas spore 3 hobbits 7 manes 7 giant rats 2 cave spiders a brown mold 2 yellow molds 5 green molds 4 red molds 42 gnomes 7 garter snakes 2 gnome zombies 4 geckos 13 jackals a fox 2 kobolds 6 goblins 4 sewer rats 17 grid bugs 10 bats 4 lichens 2 kobold zombies a newt 243 creatures vanquished. Voluntary challenges: You followed a strict vegan diet. You never hit with a wielded weapon. You read items or engraved 2 times, starting on turn 3033. You never genocided any monsters. You never polymorphed an object. You never changed form. You used no wishes. You never split a pudding. You never wrote Elbereth's name. You violated your moral code, losing 62 points of alignment, starting on turn 3766. Dungeon overview: The Dungeons of Doom: levels 1 to 9 Level 1 a fountain a long staircase Level 2 Level 3 a sink stairs to The Gnomish Mines Level 4 Level 5 a general store Level 6 Level 7 many fountains Level 8 a fountain stairs to Sokoban Level 9 a sink The Gnomish Mines: levels 4 to 10 Level 4 stairs to The Dungeons of Doom Level 5 Level 6 many shops, a temple to Huan Ti, some fountains Level 7 Level 8 Level 9 Level 10 <- You were here Sokoban: levels 4 to 7 Level 4 Level 5 Level 6 Level 7 stairs to The Dungeons of Doom History has recorded: On T:1 you entered the Dungeons of Doom to retrieve the Amulet of Yendor! On T:106 you reached level 2 of The Dungeons of Doom. On T:459 you reached level 3 of The Dungeons of Doom. On T:684 you reached level 1 of The Gnomish Mines. On T:686 you advanced to experience level 2. On T:722 you advanced to experience level 3. On T:754 you advanced to experience level 4. On T:776 you reached level 2 of The Gnomish Mines. On T:819 you advanced to experience level 5. On T:1028 you reached level 3 of The Gnomish Mines. On T:1105 you advanced to experience level 6. On T:1951 you reached level 4 of The Dungeons of Doom. On T:2166 you reached level 5 of The Dungeons of Doom. On T:2382 you reached level 6 of The Dungeons of Doom. On T:2610 you advanced to experience level 7. On T:2957 you reached level 7 of The Dungeons of Doom. On T:3148 you reached level 8 of The Dungeons of Doom. On T:3215 you reached level 4 of Sokoban. On T:3459 you reached level 3 of Sokoban. On T:4098 you reached level 2 of Sokoban. On T:4426 you reached level 1 of Sokoban. On T:5681 you advanced to experience level 8. On T:5865 you reached level 9 of The Dungeons of Doom. On T:6132 you received advice from The Oracle. On T:7078 you reached level 4 of The Gnomish Mines. On T:7180 you reached level 5 of The Gnomish Mines. On T:7213 you reached level 6 of The Gnomish Mines. On T:7382 you reached level 7 of The Gnomish Mines. Score breakdown: Gold: 0 ( 0 points) Experience: 8 levels (14739 points) Exploration: 10 levels ( 20.83%) (13127 points) Discoveries: 14 items ( 5.00%) ( 6708 points) Valuables value: (no points given unless you survive) Artifact value: 0 ( 0 points) Variety of kills: 62 monsters ( 16.27%) (12101 points) Turncount: 7614 turns (-1975 points) Survival: died (score multiplied by 80%) Total score: 35760 Latest messages: There are a few objects here. You hit the dwarf. The dwarf reads a scroll labeled VE FORBRYDERNE! You kill the dwarf! There are several objects here. The human mummy hits! (3x) The human mummy misses. The gnome misses. You hit the gnome. The gnome turns to flee! You kill the gnome! The human mummy hits! (2x) You hit the human mummy! The human mummy hits! (2x) You hit the human mummy! The human mummy just misses! The human mummy misses. There are several objects here. The human mummy hits! (2x) You are almost hit by an arrow. You are hit by an arrow. You die... Final status: Goodbye Gandelf the Monk, killed by an arrow... You died in The Gnomish Mines on dungeon level 10 with 35760 points, and 0 pieces of gold, after 7614 moves. You were level 8 with a maximum of 54 hit points when you died.